Cogmind - Beta 12 @@@ ROGUE MODE // 2023.08.31 @ 19:58:15 Player: Senator Honkstrong Result: Destroyed by as-23973 with Assembled Heavy Rifle Performance ------------- Evolutions (1) 500 Regions Visited (5) 1000 Robots Destroyed (92) 460 Value Destroyed (1587) 1587 Prototype IDs (32) 640 Alien Tech Used (0) 0 Bonus (-253) -253 TOTAL SCORE: 3934 Bonus ------- High Alert Combat Kills 11 Follower Combat Kills 168 Aligned with FarCom 300 Friendly Fire -732 Cogmind --------- Core Integrity 0/400 Matter 179/300 Energy 99/100 System Corruption 3% Temperature Cool (0) Movement Core (450) Ox8 Location -9/Exiles Parts ------- > --- POWER (1) -------- (None) > --- PROPULSION (2) --- (None) > --- UTILITY (3) ------ Large Storage Unit > --- WEAPON (3) ------- Assault Rifle Longsword +1 > --- INVENTORY (15) --- Experimental Sensor Array Advanced Beam Cannon Guided Plasma Cannon Rocket Launcher Plasma Cutter Heavy Explosive Trap Peak State ------------ > --- POWER ------------ Heavy Ion Engine > --- PROPULSION ------- Light Treads Light Treads > --- UTILITY ---------- Cooling System Large Storage Unit Hardened Light Armor Plating > --- WEAPON ----------- Guided Plasma Cannon Assault Rifle Heavy Assault Rifle > --- INVENTORY -------- Light Nuclear Core Light Treads Light Treads Light Treads Experimental Sensor Array Advanced Beam Cannon Assault Rifle Heavy Assault Rifle Rocket Launcher Plasma Cutter Longsword +1 Heavy Explosive Trap [Rating: 24] Favorites ----------- Power Heavy Ion Engine Engine Heavy Ion Engine Power Core Light Nuclear Core Propulsion Aluminum Leg Treads Light Treads Leg Aluminum Leg Utility Large Storage Unit Device Cooling System Storage Large Storage Unit Protection Light Armor Plating Weapon Heavy Assault Rifle Energy Gun Small Laser Energy Cannon Advanced Beam Cannon Ballistic Gun Heavy Assault Rifle Launcher Grenade Launcher Impact Weapon Hammer Slashing Weapon Longsword +1 Build | -11 -10 -10 -9 -9 -9 ------- Run | Jun Mat Min Mat Min Exi Slots Evolved 2 | . . . 2 . . Power . | . . . . . . Propulsion . | . . . . . . Utility 1 | . . . 1 . . Weapon 1 | . . . 1 . . Parts Attached 59 | 6 10 2 24 4 13 Power 5 | 1 1 . 2 . 1 Engine 4 | 1 1 . 2 . . Core 1 | . . . . . 1 Reactor . | . . . . . . Propulsion 8 | 2 1 . 2 . 3 Treads 5 | . . . 2 . 3 Leg 3 | 2 1 . . . . Wheel . | . . . . . . Hover . | . . . . . . Flight . | . . . . . . Utility 13 | 1 2 . 5 4 1 Device 3 | . . . 1 1 1 Storage 3 | 1 1 . 1 . . Processor . | . . . . . . Hackware . | . . . . . . Protection 7 | . 1 . 3 3 . Artifact . | . . . . . . Weapon 33 | 2 6 2 15 . 8 Energy Gun 1 | 1 . . . . . Energy Cannon 2 | . . . 1 . 1 Ballistic Gun 20 | 1 3 1 10 . 5 Ballistic Cannon . | . . . . . . Launcher 8 | . 3 1 3 . 1 Special Weapon . | . . . . . . Impact Weapon 1 | . . . 1 . . Slashing Weapon 1 | . . . . . 1 Piercing Weapon . | . . . . . . Special Melee Weapon . | . . . . . . Unidentified Prototypes . | . . . . . . Parts Lost 18 | . 1 . 1 1 15 Power 2 | . . . . . 2 Propulsion 6 | . 1 . . . 5 Utility 5 | . . . 1 1 3 Weapon 5 | . . . . . 5 Highest Loss Streak 15 | . 1 . 1 1 15 To Critical Strikes 3 | . . . . . 3 Average Slot Usage (%) 98 | . 95 100 98 99 98 Engine 11 | . 14 14 11 11 10 Treads 9 | . . . 2 22 21 Leg 14 | . 28 28 19 . . Storage 11 | . 14 14 11 11 11 Protection 17 | . 10 14 20 19 20 Energy Cannon 4 | . . . . 11 10 Ballistic Gun 23 | . 20 20 30 22 21 Launcher 2 | . 4 7 . . . Naked Turns . | . . . . . . Heaviest Build 48 | 11 34 35 46 48 46 Greatest Support 40 | 20 20 20 40 40 40 Greatest Overweight (x) 3 | 3 1 1 2 1 1 Average Overweight (x) 1 | . . 1 1 1 . Largest Inventory Capacity 15 | 8 15 15 15 15 15 Average Capacity 14 | 7 14 15 15 15 15 Most Carried 15 | 2 9 11 15 15 15 Average Carried 11 | 1 5 10 14 14 11 Final Capacity 15 | 8 15 15 15 15 15 Final Carried 15 | 2 9 11 15 15 6 Class Distribution -------------------- 53% | Scavenger-Tank 36% | Mutant 10% | Tank Dominant Class ---------------- Mutant | -10/Materials Mutant | -10/Mines Scavenger-Tank | -9/Materials Scavenger-Tank | -9/Mines Scavenger-Tank | -9/Exiles Resources | -11 -10 -10 -9 -9 -9 ----------- Run | Jun Mat Min Mat Min Exi Matter Collected 1935 | 320 400 196 727 242 50 Remotely . | . . . . . . Salvage Created 2665 | 257 510 106 1176 591 25 Parts 220 | 33 48 12 93 34 . Haulers Intercepted 7 | . 2 . 5 . . Recyclers Shooed 2 | . . . 1 1 . Parts Field Recycled . | . . . . . . Retrieved Matter . | . . . . . . Parts Self-Destructed . | . . . . . . Prevented . | . . . . . . Kills | -11 -10 -10 -9 -9 -9 ------- Run | Jun Mat Min Mat Min Exi Combat Hostiles Destroyed 48 | . 9 4 23 10 2 Guns 30 | . 4 . 17 8 1 Cannons 2 | . . . . 2 . AOE 16 | . 5 4 6 . 1 Classes Destroyed 15 | 3 6 . 3 2 1 Worker 8 | 2 2 1 3 . . Builder 4 | . 2 . 2 . . Tunneler 13 | 9 2 1 . 1 . Hauler 7 | . 2 . 5 . . Recycler 5 | 1 1 . 1 2 . Mechanic 1 | . 1 . . . . Operator 1 | . . . 1 . . Watcher 6 | . 3 . 3 . . Swarmer 19 | . 6 3 10 . . Grunt 16 | . 3 2 5 6 . Brawler 1 | . . . . 1 . Duelist 3 | . . . 1 2 . Protector 1 | . . . . 1 . Sentry 7 | . . . 7 . . Assembled 5 | . . . . . 5 Best Kill Streak 9 | 7 5 4 9 4 2 Combat Bots Only 6 | . 3 3 6 4 2 Max Kills in Single Turn 4 | 1 4 3 3 1 3 Gunslinging . | . . . . . . Exploded 3 | . 2 2 3 . 1 Melee . | . . . . . . Uniques/NPCs Destroyed . | . . . . . . Combat | -11 -10 -10 -9 -9 -9 -------- Run | Jun Mat Min Mat Min Exi Damage Taken 3152 | . 414 99 734 249 1656 Core 542 | . 116 18 88 15 305 Absorbed by Shields . | . . . . . . Redirected to Shielding 36 | . 15 3 18 . . Regen/Repaired (Parts) 19 | . . . 19 . . Core Remaining (%) 73 | 100 . 46 . . . Volleys Fired 177 | 20 65 8 56 16 12 Largest 3 | 2 2 2 3 3 3 Hottest 120 | 60 60 53 114 114 120 Shots Fired 417 | 36 130 16 165 48 22 Gun 375 | 36 119 12 156 33 19 Cannon 18 | . . . 2 15 1 Launcher 24 | . 11 4 7 . 2 Special . | . . . . . . Kinetic 347 | 20 107 12 156 33 19 Thermal 46 | 16 12 . 2 15 1 Explosive 24 | . 11 4 7 . 2 Electromagnetic . | . . . . . . Robot Hit Streak 11 | 10 7 8 11 9 8 Robot Miss Streak 5 | 2 4 1 5 3 4 Penetration Max . | . . . . . . Secondary Targets 3 | . . . 2 . 1 Max Gunslinging Chain 1 | . . . 1 . 1 Shots Hit Robots 251 | 21 64 11 93 33 29 Core Hits 144 | 13 29 11 53 22 16 Critical Kills 1 | . . . 1 . . Critical Parts Destroyed 1 | . . . 1 . . Critical Strikes 3 | . . . 2 . 1 Destroy 2 | . . . 2 . . Sever 1 | . . . . . 1 Melee Attacks 15 | . . . . . 15 Impact . | . . . . . . Slashing 15 | . . . . . 15 Piercing . | . . . . . . Sneak Attacks . | . . . . . . Combat Hostiles . | . . . . . . Follow-up Attacks . | . . . . . . Damage Inflicted 5793 | 268 1199 368 2130 632 1196 Guns 3083 | 268 782 96 1380 366 191 Cannons 268 | . . . 21 244 3 Explosions 1736 | . 413 256 720 . 347 Melee 655 | . . . . . 655 Ramming 51 | . 4 16 9 22 . Kinetic 2871 | 143 695 96 1380 366 191 Thermal 480 | 125 87 . 21 244 3 Explosive 1736 | . 413 256 720 . 347 Electromagnetic . | . . . . . . Impact . | . . . . . . Slashing 655 | . . . . . 655 Piercing . | . . . . . . Highest Corruption 3 | . 2 2 . 3 3 Average Corruption 2 | . 2 2 . 3 3 Corruption Purged . | . . . . . . Corruption Blocked . | . . . . . . Effects 54 | . 3 15 . 18 18 Message Errors 16 | . 2 5 . 2 7 Matter Fused 12 | . . 2 . 8 2 Heat Flow Errors 5 | . . 2 . . 3 Energy Discharges 3 | . . 1 . 1 1 Parts Fused 1 | . . . . . 1 Data Loss (minor) 11 | . 1 4 . 3 3 Data Loss (major) 2 | . . 1 . 1 . Misfires 2 | . . . . 2 . Alerts 1 | . . . . 1 . Weapon Failures 1 | . . . . . 1 Overload Shots . | . . . . . . Overflow Damage 104 | . 25 . 57 . 22 Projectiles 9 | . . . 9 . . Explosions 73 | . 25 . 48 . . Melee 22 | . . . . . 22 Knockbacks . | . . . . . . Impact . | . . . . . . Kinetic . | . . . . . . Secondary . | . . . . . . Self-Inflicted Damage 195 | . 47 33 115 . . Shots 8 | . 3 2 3 . . Rammed 9 | . . . 1 8 . Targets Rammed 17 | . 2 2 4 9 . Kicked 7 | . 2 2 3 . . Crushed 1 | . . . . 1 . Highest Temperature 410 | . 57 202 144 410 197 Average Temperature 62 | . 33 81 21 139 71 Received Heat Transfer 402 | . 114 18 168 102 . Effects 4 | . . . . 4 . Shutdowns 1 | . . . . 1 . Interference 3 | . . . . 3 . Siege Activations . | . . . . . . Robots Corrupted . | . . . . . . Combat Hostiles . | . . . . . . Parts Fried . | . . . . . . Impact Corruptions . | . . . . . . Robots Melted . | . . . . . . Combat Hostiles . | . . . . . . Parts Melted 1 | . 1 . . . . Heat Transferred 903 | 275 200 . 37 371 20 Parts Sabotaged . | . . . . . . Parts Stolen . | . . . . . . Parts Stripped . | . . . . . . Power Chain Reactions . | . . . . . . Missiles Intercepted . | . . . . . . Alert | -11 -10 -10 -9 -9 -9 ------- Run | Jun Mat Min Mat Min Exi Peak Influence 413 | 60 167 140 413 141 . Initial 39 | . 39 23 . 12 . Average 101 | 30 79 67 209 37 . Maximum Alert Level 2 | . . . 2 . . Low Security (%) 82 | 100 100 100 40 100 . Level 1 17 | . . . 57 . . Level 2 . | . . . 1 . . Level 3 . | . . . . . . Level 4 . | . . . . . . Level 5 . | . . . . . . High Security . | . . . . . . Max Security . | . . . . . . Squads Dispatched 4 | . . . 3 1 . Investigation 2 | . . . 2 . . Extermination . | . . . . . . Reinforcement 1 | . . . 1 . . Assault 1 | . . . . 1 . Garrison . | . . . . . . Intercept . | . . . . . . Searches Triggered . | . . . . . . Construction Impeded . | . . . . . . Haulers Reinforced . | . . . . . . Active Scanning Responses . | . . . . . . Cargo Convoy Interrupts . | . . . . . . Stealth | -11 -10 -10 -9 -9 -9 --------- Run | Jun Mat Min Mat Min Exi Distress Signals 4 | . 2 . 2 . . Communications Jammed . | . . . . . . Distress Signals . | . . . . . . Times Spotted 69 | . 17 7 30 10 5 Peak Tracking Total 6 | . 4 2 5 4 6 Tactical Retreats 3 | . 1 . 2 . . Traps | -11 -10 -10 -9 -9 -9 ------- Run | Jun Mat Min Mat Min Exi Traps Triggered 5 | . 2 . 3 . . Indirectly . | . . . . . . Trap Hack Attempts . | . . . . . . Triggered . | . . . . . . Disarmed . | . . . . . . Reprogrammed . | . . . . . . Reused 1 | . . . . . 1 Traps Extracted . | . . . . . . Installed 1 | . . . . . 1 Triggered . | . . . . . . Most Traps Carried 2 | . . . . 2 2 Machines | -11 -10 -10 -9 -9 -9 ---------- Run | Jun Mat Min Mat Min Exi Machines Disabled 6 | . 1 1 1 . 3 Max in Single Turn 2 | . 1 1 1 . 2 Machines Repaired . | . . . . . . Machines Sabotaged . | . . . . . . Overloaded Fab Kills . | . . . . . . Hacking | -11 -10 -10 -9 -9 -9 --------- Run | Jun Mat Min Mat Min Exi Machines Accessed 19 | . 8 . 10 . 1 Terminals 17 | . 8 . 9 . . Fabricators . | . . . . . . Repair Stations 1 | . . . 1 . . Recycling Units . | . . . . . . Scanalyzers . | . . . . . . Garrison Access . | . . . . . . Total Hacks 53 | . 20 . 32 . 1 Successful 29 | . 13 . 15 . 1 Failed 22 | . 6 . 16 . . Catastrophic 5 | . 2 . 3 . . Database Lockouts 2 | . 1 . 1 . . Manual 39 | . 14 . 24 . 1 Terminals 50 | . 20 . 30 . . Fabricators . | . . . . . . Repair Stations 2 | . . . 2 . . Recycling Units . | . . . . . . Scanalyzers . | . . . . . . Garrison Access . | . . . . . . Terminal Hacks 21 | . 9 . 11 . 1 Robot Analysis 6 | . 3 . 3 . . Prototype ID Bank 6 | . 3 . 3 . . Unreport Threat 4 | . 1 . 3 . . Locate Traps 4 | . 2 . 2 . . EX-Prototype ID Bank 1 | . . . . . 1 Fabricator Hacks . | . . . . . . Repair Station Hacks 2 | . . . 2 . . Scan Component 1 | . . . 1 . . Repair 1 | . . . 1 . . Recycling Unit Hacks . | . . . . . . Scanalyzer . | . . . . . . Garrison Access Hacks . | . . . . . . Unauthorized Hacks 6 | . 4 . 2 . . Terminals 6 | . 4 . 2 . . Botnet 6 | . 4 . 2 . . Fabricators . | . . . . . . Repair Stations . | . . . . . . Recycling Units . | . . . . . . Scanalyzers . | . . . . . . Garrison Access . | . . . . . . Data Cores Recovered 1 | . . . 1 . . Used . | . . . . . . Hacking Detections 17 | . 7 . 10 . . Full Trace Events . | . . . . . . Feedback Events . | . . . . . . Feedback Blocked . | . . . . . . Robot Schematics Acquired . | . . . . . . Robots Built . | . . . . . . Authchips . | . . . . . . Time . | . . . . . . Total Robot Build Rating . | . . . . . . Part Schematics Acquired . | . . . . . . Parts Built . | . . . . . . Authchips . | . . . . . . Time . | . . . . . . Total Part Build Rating . | . . . . . . Parts Repaired 1 | . . . 1 . . Time 32 | . . . 32 . . Parts Recycled . | . . . . . . Recycled Matter . | . . . . . . Retrieved Matter . | . . . . . . Retrieved Components . | . . . . . . Parts Scanalyzed . | . . . . . . Part Schematics Acquired . | . . . . . . Parts Damaged . | . . . . . . Bothacking | -11 -10 -10 -9 -9 -9 ------------ Run | Jun Mat Min Mat Min Exi Used RIF Installer . | . . . . . . Robots Hacked . | . . . . . . Non-combat . | . . . . . . Combat . | . . . . . . Robot Hacks Applied . | . . . . . . Relay Couplers Released . | . . . . . . Fabnet Peak Effective % . | . . . . . . Robots Rewired . | . . . . . . Allies Hacked . | . . . . . . Hacks Repelled . | . . . . . . Allies | -11 -10 -10 -9 -9 -9 -------- Run | Jun Mat Min Mat Min Exi Total Allies 4 | . . 3 . 1 . Largest Group 3 | . . 3 2 1 . Highest-Rated Group 40 | . . 40 32 31 . Highest-Rated Ally 31 | . . 16 16 31 . Total Orders . | . . . . . . Ally Attacks 39 | . . 13 24 2 . Total Damage 465 | . . 162 261 42 . Kills 8 | . . 3 4 1 . Allies Corrupted . | . . . . . . Allies Melted . | . . . . . . Intel | -11 -10 -10 -9 -9 -9 ------- Run | Jun Mat Min Mat Min Exi Robot Analysis Total 6 | . 3 . 3 . . Derelict Logs Recovered 2 | . . 1 . 1 . Drone Launches . | . . . . . . Drone Recoveries . | . . . . . . Exploration | -11 -10 -10 -9 -9 -9 ------------- Run | Jun Mat Min Mat Min Exi Turns Passed 7825 | 257 1524 901 1956 1968 1219 Spaces Moved 2975 | 80 628 449 630 720 468 Core 8 | 8 . . . . . Treads 1273 | . . . 85 720 468 Legs 1694 | 72 628 449 545 . . Wheels . | . . . . . . Hover . | . . . . . . Flight . | . . . . . . Fastest Speed 50 | 50 120 190 190 240 160 Average Speed 216 | 122 186 190 234 240 239 Slowest Speed 260 | 200 190 190 260 240 240 Overloaded Moves . | . . . . . . Propulsion Burnouts . | . . . . . . Robots Hopped . | . . . . . . Cave-ins Triggered . | . . . . . . Exploration Rate (%) 65 | 4 86 85 62 98 59 Regions Visited 5 Branch Regions 3 Pre-discovered Areas 2 | . . 1 . 1 . Known Exits Taken . | . . . . . . Unknown Exits Taken 5 | 1 1 1 1 1 . Scrap Searched 6 | . . 3 . 3 . Spaces Dug 44 | . 44 . . . . Terrain Destroyed 210 | . 72 36 95 . 7 Melee . | . . . . . . Projectile . | . . . . . . AOE 210 | . 72 36 95 . 7 Terrain Rammed . | . . . . . . Walls Destroyed . | . . . . . . Machines Disabled . | . . . . . . Actions | -11 -10 -10 -9 -9 -9 --------- Run | Jun Mat Min Mat Min Exi Total 3967 | 200 850 480 980 918 539 Wait 627 | 92 130 14 239 150 2 Move 2970 | 79 627 448 629 719 468 Hop . | . . . . . . Pick Up 55 | 3 10 4 14 10 14 Fast Attach 13 | 5 3 . 4 1 . Attach 17 | 1 1 . 5 1 9 Detach 2 | . 1 . 1 . . Swap 29 | . 6 2 15 2 4 Drop 44 | . 5 2 13 10 14 Fire 177 | 20 65 8 56 16 12 Melee 15 | . . . . . 15 Ram . | . . . . . . Kick 7 | . 2 2 3 . . Crush 10 | . . . 1 9 . Escape Stasis . | . . . . . . Rewire . | . . . . . . Trap 1 | . . . . . 1 Miscellaneous . | . . . . . . Route ------- -11/Junkyard -10/Materials (discovered 4 exits: *Mat x3 / [*Min]) -10/Mines (discovered 2 exits: *Mat x2) -9/Materials (discovered 4 exits: [*Mat x3] / [*Min]) -9/Mines (discovered 3 exits: [*Mat x2] / *Exi) -9/Exiles History --------- Turn | Location | Event 16 | -11/Junkyard | Discovered new exit (range 16) 258 | -11/Junkyard | Entered Materials 323 | -10/Materials | Build established: Mutant 541 | -10/Materials | Discovered new exit (range 5) 679 | -10/Materials | Central database locked down 1195 | -10/Materials | Discovered new exit (range 16) 1312 | -10/Materials | Discovered new exit (range 11) 1763 | -10/Materials | Discovered new exit (range 11) 1782 | -10/Materials | Entered Mines 1859 | -10/Mines | Assisted by bots powering up and referring to "LRC-V3" 1923 | -10/Mines | Discovered new exit (range 13) 2142 | -10/Mines | Core integrity fell below 50% 2435 | -10/Mines | Received a Rocket Launcher from a helpful Derelict 2651 | -10/Mines | Discovered new exit (range 12) 2683 | -10/Mines | Entered Materials 2683 | -9/Materials | Accompanied by 2 allies 2683 | -9/Materials | Evolved 2 slots: Utility x1, Weapon x1 2980 | -9/Materials | Build established: Tank 3204 | -9/Materials | Discovered new exit (range 4) 3739 | -9/Materials | Build established: Scavenger-Tank 4048 | -9/Materials | Discovered new exit (range 8) 4155 | -9/Materials | Repaired Rocket Launcher 4346 | -9/Materials | Discovered new exit (range 8) 4394 | -9/Materials | Central database locked down 4530 | -9/Materials | Discovered new exit (range 16) 4639 | -9/Materials | Entered Mines 4697 | -9/Mines | Deemed a non-threat by the Exiles lab entrance 4697 | -9/Mines | Discovered new exit (range 5) 4840 | -9/Mines | Learned location of Storage (-7) 4948 | -9/Mines | Discovered new exit (range 7) 5297 | -9/Mines | Found a damaged Exp. Sensor Array with a note attached 5304 | -9/Mines | Found Prototype Device 5520 | -9/Mines | Met a Derelict testing a Signal Generator 5954 | -9/Mines | Found a hidden stash of uninstalled traps 6098 | -9/Mines | Build established: Tank 6114 | -9/Mines | Joined a pair of Derelicts in attacking an 0b10 outpost 6439 | -9/Mines | Discovered new exit (range 7) 6499 | -9/Mines | Build established: Scavenger-Tank 6607 | -9/Mines | Entered Exiles 6665 | -9/Exiles | Met 8R-AWN 6708 | -9/Exiles | Met EX-HEX 6811 | -9/Exiles | Met EX-BIN 6847 | -9/Exiles | Aligned with FarCom system 6850 | -9/Exiles | Given EX-Vault access code 6905 | -9/Exiles | Opened EX-Vault 6919 | -9/Exiles | Found Gui. Plasma Cannon 6925 | -9/Exiles | Found Longsword +1 6974 | -9/Exiles | Warned to stay clear of 0b10 Research branches 7044 | -9/Exiles | Met EX-DEC 7710 | -9/Exiles | Warned about trapping Exiles lab 7741 | -9/Exiles | Attacked by the Exiles 7787 | -9/Exiles | Core integrity fell below 50% 7806 | -9/Exiles | Core integrity fell below 20% 7826 | -9/Exiles | Destroyed by as-23973 with Assembled Heavy Rifle Last Messages --------------- 07801_ HV Slug penetrates Wall. 07801_ Penetrated by HV Slug. 07803_ Destroyed Prototype Processor. 07803_ Critical hit (Destroy). 07803_ Lgt. Treads destroyed. 07805_ Penetrated by HV Slug. 07807_ Hvy. Assault Rifle destroyed. 07809_ 8R-AWN Prototype Leg severed. 07809_ Penetrated by HV Slug. 07809_ HV Slug penetrates Wall. 07812_ Lgt. Treads destroyed. 07813_ Penetrated by HV Slug. 07813_ Lgt. Nuclear Core destroyed. 07813_ HV Slug penetrates Wall. 07817_ Penetrated by HV Slug. 07817_ Hvy. Assault Rifle destroyed. 07822_ Penetrated by HV Slug. 07822_ HV Slug penetrates Wall. 07824_ Cooling System destroyed. 07826_ HV Slug penetrates Wall. Map ----- +----------------------------------------------------+ | """#??????????????????????????????????????????? | | """#??????????????????????????????????????????? | | """#??????????????????????????????????????????? | | """"??????????????????????????????????????????? | | """#??????????????????????????????????????????? | | X" """"??????????????????????????????????????????? | | "" #??????????????????????????????????????????? | | """"""#??????????????????????????????????????????? | | #######??????????????????????????????????????????? | | ?????????????????????????????????????????????????? | | ?????????????????????????????????????????????????? | | ?????????????????????????????????????????????????? | | ??###########???????????????????????????????????? | | ###"""""""""##??????????????????????????????????? | | " """ """"##?????????????????????????????????# | | "" " #???????????????????????????????## | | " """#???????????????????????????????# | | " "#???????????#####???????????????# | | " "##?????????##" #??????????????## | | ""###???????#" #?????????????## | | """#??????##" ##????????????# | | ######## ###????????### | | ## ## ########## | | " # #""""## # | | "" ! # # | | @g## | | " #### | | "#?#"""""#### | | ##?#######??#### * | | a a ### ##??????????????##### | | ######???????????????????### | | " ##??????????????????????????### | | """ #?????????????????????????????## | | " " ""# % % ##??????????????????????????????# | | """ """## "##???????????????????????????????# | | ?#"""???# #????????????????????????????????? | | ????????########?????????????????????????????????? | | ?????????????????????????????????????????????????? | | ?????????????????????????????????????????????????? | | ?????????????????????????????????????????????????? | | ?????????????????????????????????????????????????? | | ?????????????????????????????????????????????????? | | ?????????????????????????????????????????????????? | | ?????????????????????????????????????????????????? | | ?????????????????????????????????????????????????? | | ?????????????????????????????????????????????????? | | ?????????????????????????????????????????????????? | | ?????????????????????????????????????????????????? | | ?????????????????????????????????????????????????? | | ?????????????????????????????????????????????????? | +----------------------------------------------------+ Best States ------------- Heat Dissipation 50 Energy Generation 14 Energy Capacity 280 Matter Stores 300 Matter Capacity 300 Sight Range 16 Terrain Scan Density 10 Armor Coverage 375 Core Shielding 20 Evasion (%) 55 Recoil Reduction 2 Item Schematics ----------------- None Robot Schematics ------------------ None Fabricated ------------ Nothing Alien Tech Used ----------------- None Achievements -------------- None Challenges ------------ None Game ------ Seed ControlBoreReconstructor Manual? 0 Play Time 00:45:54 Cumulative 51.3 hours Start 2023.08.31 @ 19:11:00 End 2023.08.31 @ 19:58:15 Sessions 1 Manual Loads 0 Difficulty Rogue Special Mode None Game No. 41 Rogue 41 Adventurer 0 Explorer 0 Win Type - Total 0 Types 0/0/0/0/0/0/0/0/0 Lore% 30 Gallery% 38 Achievement% 32 Wizard Run 0 Options --------- ASCII 0 Keyboard 0 Movement Mouse Keybinds 0 Fullscreen 1 Font 18/SmallcapsGlow Map View 76x50 Tactical HUD 1 Map Filters NONE Filters NONE Steam X RUN: e8f1c650-2fa3-4314-bcb2-d3e8ed575c36